 Dungeon Crawl Stone Soup version 0.31-a0-702-gf82c85558f (webtiles) character file.

Game seed: 12481971232530320071

249 qw the Shooter (level 6, 0/38 HPs)
             Began as a Gargoyle Hunter on Sept 7, 2023.
             Slain by a white imp (4 damage)
             ... on level 4 of the Dungeon.
             The game lasted 00:00:51 (1991 turns).

qw the Shooter (Gargoyle Hunter)                    Turns: 1991, Time: 00:00:52

Health: 0/38       AC: 10    Str: 14    XL:     6   Next: 12%
Magic:  6/6        EV: 11    Int: 10    God:
Gold:   155        SH:  0    Dex: 15    Spells: 5/5 levels left

rFire   . . .        Y - +0 shortbow
rCold   . . .        (shield currently unavailable)
rNeg    + . .        c - +0 leather armour
rPois   inf          a - +0 helmet
rElec   +            (no cloak)
rCorr   .            (no gloves)
SInv    +            f - +1 pair of boots
Will    .....        (no amulet)
Stlth   ++           i - ring of see invisible
HPRegen 0.26/turn    (no ring)
MPRegen 0.10/turn

%: no passive effects
@: no status effects
A: sickness immunity, AC +4, negative energy resistance 1, electricity
resistance, torment resistance 1, petrification resistance
a: no special abilities


You were on level 4 of the Dungeon.
You visited 1 branch of the dungeon, and saw 4 of its levels.

You collected 155 gold pieces.


Innate Abilities, Weirdness & Mutations

You are immune to sickness and miasma.
Your stone body is resilient. (AC +4)
You are immune to poison.
You resist negative energy. (rN+)
You are resistant to electric shocks. (rElec)
You are resistant to unholy torment.
You are immune to petrification.


   Skills:
 - Level 4.0 Fighting
 + Level 6.1 Ranged Weapons
 - Level 1.7 Armour
 - Level 1.5 Dodging
 - Level 1.1 Stealth


You had 5 spell levels left.
You didn't know any spells.
Your spell library was empty.

Inventory:

Hand Weapons
 Y - a +0 shortbow (weapon)
Armour
 a - a +0 helmet (worn)
 c - a +0 leather armour (worn)
 f - a +1 pair of boots (worn)
Jewellery
 i - a ring of see invisible (left hand)
Scrolls
 b - a scroll of fog {unknown}
Potions
 d - a potion of curing {unknown}
 e - 2 potions of might
 g - a potion of invisibility {unknown}
 j - a potion of brilliance {unknown}

Dungeon Overview and Level Annotations

Branches:
Dungeon (4/15)
 Temple: D:4-7

Altars:


Message History

The puff of frost misses you.
A white imp comes into view.
The orc priest mumbles some strange prayers to Beogh against you.
Pain shoots through your body!
1983 |||
Found retreat position at 0,-5 (white imp; floor) with 0 blocking monsters and 1 monsters attacking at destination at distance 5
1983 ||| Stepping ~*~*~tactically~*~*~ (retreating).
The orc priest attacks as it pursues you!
The orc priest barely misses you.
1984 |||
Found retreat position at -2,2 (floor) with 0 blocking monsters and 1 monsters attacking at destination at distance 3
1984 ||| Stepping ~*~*~tactically~*~*~ (retreating).
An orc comes into view. It is wielding a +0 club.
The orc shouts!
The white imp gestures at you. The puff of frost hits you.
The orc priest barely misses you.
You shoot an arrow.
The arrow closely misses the orc priest.
1986 |||
Found retreat position at -1,2 (orc; floor) with 0 blocking monsters and 1 monsters attacking at destination at distance 2
1986 ||| Stepping ~*~*~tactically~*~*~ (retreating).
The orc hits you but does no damage.
You shoot an arrow.
The arrow hits the orc but does no damage.
The white imp gestures at you. The puff of frost hits you!
The orc closely misses you.
You shoot an arrow.
The arrow hits the orc but does no damage.
The orc closely misses you. The orc priest completely misses you.
You shoot an arrow.
The arrow closely misses the orc priest.
The white imp gestures at you. The puff of frost hits you!
The orc hits you but does no damage.
You shoot an arrow.
The arrow closely misses the orc priest.
The white imp gestures at you. The puff of frost hits you.
The orc hits you but does no damage.
The orc priest hits you but does no damage.
You shoot an arrow.
The arrow hits the orc priest but does no damage.
The orc priest is severely wounded.
The white imp hits you. The white imp freezes you.
You die...

...# # #...#. #..#.#
. #..#.#### ..
#..#.#..7... .#
#.....PP.P# #.#
#......7 #.# #5o.$.7
#.# #@#.### #.#
##o#5##########.# #.#
####..........5.....
##.##
#.o.........#####...#
....# #.##...####.#
#...# ##..# #.###.##
#.# #... #...#
##.###.# #.# #..#
#.#.#######...##.#
#.# #..#
..#.........#<##.#
#.# #..###


You could see an orc priest, a white imp and an orc.

Vanquished Creatures
  A howler monkey (D:3)
  A sleepcap (D:4)
  An orc wizard (D:4)
  Natasha (thrice) (D:2)
  2 adders
  A white imp (D:4)
  An ufetubus (D:4)
  2 dart slugs (D:1)
  6 orcs
  3 ball pythons
  6 bats
  An endoplasm (D:4)
  5 goblins
  6 hobgoblins
  3 jackals (D:1)
  2 kobolds
  A quokka (D:1)
  4 frilled lizards (D:1)
  3 rats
52 creatures vanquished.

Notes
Turn   | Place    | Note
-------+----------+-------------------------------------------
     0 | D:1      | qw the Gargoyle Hunter began the quest for the Orb.
     0 | D:1      | Reached XP level 1. HP: 12/12 MP: 1/1
     0 | D:1      | 0 ||| qw: Version: 0.3-a-76-g4403597
     0 | D:1      | 0 ||| qw: Game counter: 771
     0 | D:1      | 0 ||| qw: Melee chars always use a shield: true
     0 | D:1      | 0 ||| qw: God list: Okawaru
     0 | D:1      | 0 ||| qw: Allow faded altars: false
     0 | D:1      | 0 ||| qw: Do Orc after clearing Dungeon:15 true
     0 | D:1      | 0 ||| qw: Do second Lair branch before Depths: true
     0 | D:1      | 0 ||| qw: Lair rune preference: random
     0 | D:1      | 0 ||| qw: Goals: Normal
     0 | D:1      | 0 ||| PLANNING D:1-11
    49 | D:1      | Reached XP level 2. HP: 17/17 MP: 2/2
   362 | D:1      | Reached XP level 3. HP: 21/21 MP: 3/3
   368 | D:1      | Reached skill level 5 in Ranged Weapons
   653 | D:1      | 653 ||| UPGRADING to +1 pair of boots.
   658 | D:1      | 658 ||| DROPPING scroll of butterflies.
  1058 | D:2      | Noticed Natasha
  1064 | D:2      | Killed Natasha
  1065 | D:2      | Reached skill level 3 in Fighting
  1065 | D:2      | Reached XP level 4. HP: 28/28 MP: 4/4
  1351 | D:2      | 1351 ||| UPGRADING to ring of see invisible.
  1352 | D:2      | 1352 ||| READING scroll labelled YNEYWK DOER.
  1353 | D:2      | 1353 ||| READING scroll labelled DUTHAE JEBAUME.
  1356 | D:2      | 1356 ||| DRINKING 2 black potions.
  1359 | D:2      | 1359 ||| DROPPING potion of ambrosia.
  1397 | D:3      | 1397 ||| STAIRDANCE
  1404 | D:3      | 1404 ||| STAIRDANCE
  1446 | D:2      | Noticed Natasha
  1452 | D:2      | Killed Natasha
  1463 | D:2      | Noticed Natasha
  1469 | D:2      | Killed Natasha
  1470 | D:2      | Reached XP level 5. HP: 29/32 MP: 5/5
  1770 | D:3      | 1770 ||| UPGRADING to +0 helmet.
  1775 | D:3      | 1775 ||| DRINKING 3 viscous emerald potions.
  1781 | D:4      | 1781 ||| STAIRDANCE
  1788 | D:3      | Reached skill level 1 in Armour
  1802 | D:4      | Reached skill level 6 in Ranged Weapons
  1802 | D:4      | 1802 ||| STAIRDANCE
  1930 | D:4      | Reached XP level 6. HP: 36/38 MP: 6/6
  1975 | D:4      | 1975 ||| Stepping ~*~*~tactically~*~*~ (outnumbered).
  1983 | D:4      | 1983 ||| Stepping ~*~*~tactically~*~*~ (retreating).
  1984 | D:4      | 1984 ||| Stepping ~*~*~tactically~*~*~ (retreating).
  1986 | D:4      | 1986 ||| Stepping ~*~*~tactically~*~*~ (retreating).
  1990 | D:4      | HP: 6/38 [white imp/puff of frost (4)]
  1991 | D:4      | Slain by a white imp

Levels and vault maps discovered:
D:1:      mrwooster_arrival_arrow, layout_basic, fountainhead
D:2:      layout_loops_ring, uniq_natasha
D:3:      layout_rooms
D:4:      layout_loops_ring, serial_demonic, serial_demonic_e, serial_demonic_e,
          serial_demonic_a, serial_demonic_b, serial_demonic_b,
          serial_demonic_b, hangedman_feature_mirror,
          ebering_dispersal_statue_hall, minmay_crystal_room

Skill      XL: |  1  2  3  4  5 |
---------------+----------------+-----
Ranged Weapons | 5 6 |  6.1
Fighting       | 3 4 |  4.0
Armour         | 1 |  1.7
Dodging        | |  1.5
Stealth        | |  1.1

Action                     |  1- 3 |  4- 6 || total
---------------------------+-------+-------++-------
   Fire: Shortbow          |   109 |    95 ||   204
    Use: Scroll            |       |     2 ||     2
         Potion            |       |     2 ||     2
 Armour: Leather armour    |    22 |    51 ||    73
  Dodge: Dodged            |    20 |    34 ||    54

Table legend:
 A = Non-vault XP
 B = Vault XP
 C = Vault XP percentage of total XP
 D = Non-vault monster count
 E = Vault monster count
 F = Vault count percentage of total count
                 A         B        C        D         E       F
            +---------+---------+-------+---------+---------+-------
      Total |     303 |      53 |  14.9 |      48 |       4 |   7.7
            +---------+---------+-------+---------+---------+-------
        D:1 |      45 |       0 |   0.0 |      23 |       0 |   0.0
        D:2 |     108 |      33 |  23.4 |      15 |       1 |   6.2
        D:3 |      75 |       0 |   0.0 |       7 |       0 |   0.0
        D:4 |      75 |      20 |  21.1 |       3 |       3 |  50.0
            +---------+---------+-------+---------+---------+-------
